 Dungeon Crawl Stone Soup version 0.29-a0-43-g62a80824bf (webtiles) character file.

Game seed: 7378927904906090619

2457 testman the Fighter (level 9, -10/81 HPs)
             Began as a Palentonga Fighter on Feb 2, 2022.
             Was a Believer of Okawaru.
             Mangled by Harold (13 damage)
             ... on level 7 of the Dungeon.
             The game lasted 00:26:26 (5869 turns).

testman the Fighter (Palentonga Fighter)            Turns: 5869, Time: 00:26:26

Health: -10/81     AC: 25    Str: 23    XL:     9   Next: 26%
Magic:  10/10      EV: 11    Int:  3    God:    Okawaru [**....]
Gold:   223        SH:  5    Dex: 12    Spells: 8/8 levels left

rFire   + . .      SeeInvis +   a - +0 war axe
rCold   + + .      Faith    .   c - +0 buckler
rNeg    . . .      Spirit   .   j - +2 scale mail {rC+}
rPois   .          Reflect  .   f - +0 helmet
rElec   +          Harm     .   i - +0 cloak
rCorr   .          Rampage  .   (no gloves)
Will    .....                   r - +0 barding
Stlth   +.........              y - amulet of magic regeneration
HPRegen 0.23/turn               C - ring of Pyromania {rF+ rC+ Int-5 Dex+5}
MPRegen 0.52/turn               q - +4 ring of evasion

@: lethally poisoned (-10 -> -58), heroic, invisible, curled up
A: large, rugged brown scales 3, see invisible, deformed body, roll 1, armoured
tail, reflexive curl, clumsy 1, dopey 1, electricity resistance
a: Rolling Charge, Renounce Religion, Heroism


You were on level 7 of the Dungeon.
You worshipped Okawaru.
Okawaru was pleased with you.
You visited 2 branches of the dungeon, and saw 8 of its levels.
You also visited: Sewer and Ossuary.

You collected 223 gold pieces.

Inventory:

Hand Weapons
 a - a +0 war axe (weapon)
Missiles
 b - 183 stones
 B - a curare-tipped dart
 D - a silver boomerang
 F - 3 boomerangs
Armour
 c - a +0 buckler (worn)
 f - a +0 helmet (worn)
 i - a +0 cloak (worn)
 j - a +2 scale mail of cold resistance (worn)
 r - a +0 barding (worn)
Jewellery
 q - a +4 ring of evasion (right hand)
 u - a ring of resist corrosion
 y - an amulet of magic regeneration (around neck)
 C - the ring of Pyromania (left hand) {rF+ rC+ Int-5 Dex+5}
   (You found it on level 6 of the Dungeon)

   [ring of protection from fire]

   Int:       It affects your intelligence (-5).
   Dex:       It affects your dexterity (+5).
   rF:        It protects you from fire.
   rC:        It protects you from cold.
Wands
 E - a wand of flame (2)
 G - a wand of iceblast (6)
Scrolls
 d - a scroll of summoning
 e - 4 scrolls of fog
 v - a scroll of enchant armour {unknown}
 x - 4 scrolls of teleportation
 z - a scroll of silence {unknown}
 A - 3 scrolls of holy word {unknown}
Potions
 g - 4 potions of curing
 h - a potion of mutation
 k - 3 potions of cancellation
 l - 2 potions of flight
 m - a potion of haste
 n - a potion of attraction {unknown}
 o - a potion of invisibility
 p - 6 potions of heal wounds
 s - a potion of brilliance {unknown}
 t - a potion of degeneration {unknown}
 w - 2 potions of might


   Skills:
 + Level 9.2(14.2) Fighting
 + Level 8.9(13.9) Axes
 - Level 2.4(7.4) Armour
 - Level 2.4(7.4) Shields
 + Level 2.3 Invocations


You had 8 spell levels left.
You didn't know any spells.
Your spell library contained the following spells:

 Spells                   Type           Power      Damage    Failure   Level
 Corpse Rot               Necr/Air       0%         N/A       94%         2
 Cause Fear               Hex            0%         N/A       100%        4
 Dispel Undead            Necr           0%         3d6       100%        4
 Dragon Form              Tmut           0%         N/A       100%        7
 Death Channel            Necr           Unusable   N/A       N/A         6
 Dragon's Call            Summ           Unusable   N/A       N/A         9

Dungeon Overview and Level Annotations

Branches:
Dungeon (7/15)             Temple (1/1) D:5           Sewer (visited)
Ossuary (visited)

Altars:
Ashenzari
Cheibriados
Dithmenos
Elyvilon
Gozag
Hepliaklqana
Kikubaaqudgha
Makhleb
Nemelex Xobeh
Okawaru
Ru
Sif Muna
Trog
Uskayaw
Wu Jian
Xom
Yredelemnul
Zin
The Shining One

Shops:
D:3 [   D:4 :(

Annotations:
D:5 2 runed translucent doors, Cecur's ghost, amateur DsIE
D:7 Harold


Innate Abilities, Weirdness & Mutations

You are completely covered in rugged brown scales. (AC +3, +7% HP)
You have supernaturally acute eyesight. (SInv)
Armour fits poorly on your strangely shaped body.
You can roll at nearby foes to attack.
You have a long armoured tail.
You curl defensively after being hit. (AC +7*)
You are clumsy. (Dex -2)
You are dopey. (Int -2)
You are resistant to electric shocks. (rElec)


Message History

Harold shouts!
There is an open door here.
You gain the combat prowess of a mighty hero.
Roll where?
Press: ? - help, Q - select action, (/) - cycle Dir - move target, f - Harold
Aim: Harold, wielding a +2 battleaxe of venom, wearing a +0 chain mail and quivering 4 throwing nets You roll forward with a clatter of scales!
You hit Harold.
Harold is lightly wounded.
You block Harold's attack.
You hit Harold.
Harold is lightly wounded.
You hit Harold.
Harold is lightly wounded.
Harold hits you with a +2 battleaxe of venom!
You are poisoned.
You slash Harold!
Harold is moderately wounded.
You feel very sick.
Harold hits you with a +2 battleaxe of venom!!
You are lethally poisoned!
You are too injured to fight recklessly!
You are too injured to fight recklessly!
You hit Harold.
Harold is heavily wounded.
You feel extremely sick.
Harold hits you with a +2 battleaxe of venom!
* * * LOW HITPOINT WARNING * * *
You are more poisoned.
Okay, then.
Unknown command.
Press: ? - help, v - describe, . - travel
Here: Harold, wielding a +2 battleaxe of venom, wearing a +0 chain mail and quivering 4 throwing nets (heavily wounded)
The floor, spattered with blood.
You fade into invisibility!
* * * LOW HITPOINT WARNING * * *
You feel extremely sick.
Harold hits you with a +2 battleaxe of venom!
You die...
Xom laughs nastily!

#.. .##^## #...
#... .....###..#
#... #....)... #).#
######...###.#
#..###........# #.#
#...##.####...###.#
#...'..............
#...#####.#.......#
#@@.# #.##.######
#.......#
#.##.......
#.........
#.#########
#......##.#
#.####....#
#......# .#
#........)#
#......# #
#........).
#......#
.####.......##
########
..............
##########.#...#.


You could see Harold.

Vanquished Creatures
  Maggie (D:7)
  A wraith (Ossuary)
  Edmund (D:5)
  Pargi (Sewer)
  4 sky beasts
  2 ice beasts
  An orc warrior (D:6)
  An ogre (D:5)
  A kobold brigand (D:6)
  A bullfrog (D:6)
  A howler monkey (D:4)
  A bullfrog zombie (D:4)
  4 centaur zombies
  A bullfrog skeleton (D:5)
  A jelly (D:7)
  A centaur skeleton (D:7)
  2 hounds
  A gnoll shaman (D:7)
  3 orc wizards (D:7)
  A mummy (Ossuary)
  4 adders
  3 gnolls (D:7)
  An adder skeleton (D:4)
  6 worms
  A dart slug (D:1)
  19 orcs
  10 ball pythons
  3 endoplasms
  7 giant cockroaches
  4 goblins
  7 hobgoblins
  2 jackals (D:2)
  A quokka (D:3)
  2 bats (D:1)
  5 frilled lizards
  9 gnoll skeletons (Ossuary)
  9 kobolds
  9 kobold skeletons (Ossuary)
  7 orc skeletons (Ossuary)
  3 rats (D:1)
142 creatures vanquished.

Vanquished Creatures (collateral kills)
  An orc (D:5)
1 creature vanquished.

Vanquished Creatures (others)
  5 plants
5 creatures vanquished.

Grand Total: 148 creatures vanquished

Notes
Turn   | Place    | Note
-------+----------+-------------------------------------------
     0 | D:1      | testman the Palentonga Fighter began the quest for the Orb.
     0 | D:1      | Reached XP level 1. HP: 19/19 MP: 1/1
   472 | D:1      | Reached XP level 2. HP: 24/25 MP: 2/2
  1022 | D:1      | Found a faded altar of an unknown god.
  1027 | D:1      | Prayed at the altar of an unknown god.
  1027 | D:1      | Became a worshipper of Xom of Malicious Giggling
  1055 | D:1      | XOM: silly message
  1188 | D:2      | Reached XP level 3. HP: 29/31 MP: 3/3
  1276 | D:2      | Noticed Sigmund
  1282 | D:2      | Noticed Sigmund
  1282 | D:2      | Sigmund changed into Sigmund the worm
  1282 | D:2      | XOM: polymorph Sigmund -> Sigmund the worm
  1284 | D:2      | Killed Sigmund the worm
  1370 | D:2      | XOM: give mutations
  1370 | D:2      | Gained mutation: You are agile. (Dex +2) [Xom's mischief]
  1370 | D:2      | Gained mutation: You are weak. (Str -2) [Xom's mischief]
  1370 | D:2      | Gained mutation: You are dopey. (Int -2) [Xom's mischief]
  1370 | D:2      | Lost mutation: You are weak. (Str -2) [Xom's mischief]
  1785 | D:3      | XOM: torment (14/32 hp)
  1789 | D:3      | XOM: give mutations
  1789 | D:3      | Lost mutation: You are agile. (Dex +2) [Xom's mischief]
  1789 | D:3      | Gained mutation: You are clumsy. (Dex -2) [Xom's mischief]
  1909 | D:3      | Found a glowing drain.
  1929 | Sewer    | Entered a sewer
  1957 | Sewer    | Noticed Pargi
  1964 | Sewer    | XOM: enchant monster (bad)
  1968 | Sewer    | XOM: summons friendly quasit
  1970 | Sewer    | Killed Pargi
  1971 | Sewer    | Reached skill level 4 in Fighting
  1971 | Sewer    | Reached XP level 4. HP: 27/40 MP: 4/4
  1971 | Sewer    | Reached XP level 5. HP: 31/46 MP: 5/5
  1980 | Sewer    | XOM: 4-stop teleportation journey
  1988 | Sewer    | XOM: summons 1 hostile shadow creature
  2291 | D:3      | Found Okiakuob's Antique Armour Emporium.
  2291 | D:3      | XOM: 6-stop teleportation journey
  2309 | D:3      | XOM: 1-stop teleportation journey
  2594 | D:3      | XOM: 8-stop teleportation journey
  2812 | D:3      | XOM is BORED!
  2812 | D:3      | XOM: draining
  2867 | D:4      | Reached skill level 5 in Fighting
  2883 | D:4      | Reached XP level 6. HP: 34/53 MP: 6/6
  3125 | D:4      | Found Fazul's Book Shoppe.
  3126 | D:4      | XOM: enchant monster (bad)
  3162 | D:4      | Found Izaehom's Weapon Shop.
  3400 | D:5      | Entered Level 5 of the Dungeon
  3403 | D:5      | Noticed a sky beast
  3411 | D:5      | XOM: smoke on damage
  3413 | D:5      | Reached skill level 5 in Axes
  3415 | D:5      | Killed a sky beast
  3666 | D:5      | Noticed a sky beast
  3685 | D:5      | Killed a sky beast
  3686 | D:5      | Reached skill level 6 in Fighting
  3686 | D:5      | Gained mutation: You curl defensively after being hit. (AC
                  | +7*) [Palentonga growth]
  3686 | D:5      | Reached XP level 7. HP: 47/62 MP: 7/7
  3751 | D:5      | XOM: give mutations
  3751 | D:5      | Lost mutation: You are dopey. (Int -2) [Xom's mischief]
  3751 | D:5      | Gained mutation: You are resistant to electric shocks.
                  | (rElec) [Xom's mischief]
  3751 | D:5      | Gained mutation: You are dopey. (Int -2) [Xom's mischief]
  3770 | D:5      | Noticed Edmund
  3780 | D:5      | Killed Edmund
  3983 | D:5      | Found a large runed translucent door.
  3983 | D:5      | Found a large runed translucent door.
  3985 | D:5      | Noticed Cecur's ghost (amateur DsIE)
  4099 | D:5      | Reached skill level 7 in Fighting
  4133 | D:5      | Found a staircase to the Ecumenical Temple.
  4145 | Temple   | Entered the Ecumenical Temple
  4272 | Temple   | XOM: 6-stop teleportation journey
  4293 | Temple   | Fell from the grace of Xom
  4293 | Temple   | Became a worshipper of Warmaster Okawaru
  4628 | D:6      | Found a sand-covered staircase.
  4633 | Ossuary  | Entered an ossuary
  4633 | Ossuary  | Noticed a wraith
  4633 | Ossuary  | Noticed a wraith
  4633 | Ossuary  | Noticed a wraith
  4651 | Ossuary  | Reached XP level 8. HP: 71/71 MP: 8/8
  4957 | D:6      | Reached * piety under Okawaru
  5008 | D:6      | Reached skill level 8 in Fighting
  5149 | D:6      | Identified the ring of Pyromania {rF+ rC+ Int-5 Dex+5}
  5239 | D:6      | XOM: god gift: lead wand {god gift}
  5426 | D:7      | Noticed Maggie
  5699 | D:7      | Killed Maggie
  5699 | D:7      | Reached ** piety under Okawaru
  5700 | D:7      | Reached XP level 9. HP: 75/80 MP: 9/9
  5716 | D:7      | Reached skill level 9 in Fighting
  5743 | D:7      | XOM: summons 4 hostile shadow creatures
  5755 | D:7      | XOM: polymorph iguana -> jelly
  5861 | D:7      | Noticed Harold
  5869 | D:7      | HP: 3/81 [poisoned by Harold]
  5869 | D:7      | Mangled by Harold

Illustrated notes

Levels and vault maps discovered:
D:1:      wander_arrival_lonely_grave, layout_loops_corners,
          chequers_ecumenical_altar_lobes
D:2:      layout_rooms, nicolae_elevator_lobby_asterisk, uniq_sigmund
D:3:      cheibrodos_old_hovel, layout_loops_cross, portal_sewer_entry_f,
          serial_shops, nicolae_shop_trees
D:4:      layout_cave_pools, serial_shops, nicolae_shop_window_shopping, shop
D:5:      layout_rooms, minmay_temple_entry_nine_rooms,
          ebering_ghost_disaster_area, uniq_edmund
D:6:      layout_basic, enter_ossuary_2
D:7:      layout_basic, uniq_harold, uniq_maggie
Temple:   mainiacjoe_temple_hex_bubbles

Skill      XL: |  1  2  3  4  5  6  7  8  9 |
---------------+----------------------------+-----
Axes           | 4 5 6 8 |  8.9
Fighting       | 4 5 6 7 8 9 |  9.2
Invocations    | 2 |  2.3
Armour         | |  2.4
Shields        | |  2.4

Action                   |  1- 3 |  4- 6 |  7- 9 || total
-------------------------+-------+-------+-------++-------
Melee: War axe           |   101 |   133 |   195 ||   429
       Tailslap          |    16 |    12 |    35 ||    63
Invok: Heroism           |       |       |     2 ||     2
 Abil: Rolling Charge    |    24 |    19 |    31 ||    74
  Use: Scroll            |     3 |       |    10 ||    13
       Potion            |     1 |       |     1 ||     2
 Stab: Sleeping          |       |     1 |       ||     1
Armor: Scale mail        |    52 |   103 |   111 ||   266
Dodge: Dodged            |    35 |    37 |    61 ||   133
Block: Buckler           |    18 |    33 |    29 ||    80

Table legend: (Time is in decaauts)
 A = Elapsed time spent in this place.
 B = Non-inter-level travel time spent in this place.
 C = Inter-level travel time spent in this place.
 D = Time resting spent in this place.
 E = Time spent auto-exploring this place.
 F = Levels seen in this place.
 G = Mean time per level.
                   A        B        C        D        E       F      G
               +--------+--------+--------+--------+--------+-----+--------+
         Total |   6030 |   5748 |    282 |    176 |   4345 |  10 |  603.0 |
       Dungeon |   5223 |   4964 |    259 |    176 |   3852 |   7 |  746.1 |
        Temple |    172 |    149 |     23 |      0 |    126 |   1 |  172.0 |
         Sewer |    317 |    317 |      0 |      0 |    213 |   1 |  317.0 |
       Ossuary |    317 |    317 |      0 |      0 |    154 |   1 |  317.0 |
               +--------+--------+--------+--------+--------+-----+--------+

Top non-repeatable levels by time:
     D:1: 1094 daAuts
     D:5: 887 daAuts
     D:3: 875 daAuts
     D:6: 697 daAuts
     D:2: 669 daAuts
     D:4: 556 daAuts
     D:7: 441 daAuts
   Sewer: 317 daAuts
 Ossuary: 317 daAuts
  Temple: 172 daAuts
